 Dungeon Crawl Stone Soup version 0.29.0-4-gdea44cf6ec (webtiles) character file.

Game seed: 3280691178332611655

3720 qw the Grappler (level 9, -6/79 HPs)
             Began as a Troll Cinder Acolyte on Aug 31, 2022.
             Was a Priest of Ignis.
             Mangled by a troll (8 damage)
             ... on level 8 of the Dungeon.
             The game lasted 00:03:41 (5908 turns).

qw the Grappler (Troll Cinder Acolyte)              Turns: 5908, Time: 00:03:41

Health: -6/79      AC: 14    Str: 28    XL:     9   Next: 92%
Magic:  9/9        EV:  8    Int: 10    God:    Ignis [***...]
Gold:   426        SH:  7    Dex:  5    Spells: 10/10 levels left

rFire   + . .      SeeInvis .     - Unarmed
rCold   . . .      Faith    .   j - +0 kite shield
rNeg    . . .      Spirit   .   a - +0 robe
rPois   .          Reflect  .   (helmet restricted)
rElec   .          Harm     .   i - +0 cloak
rCorr   .          Rampage  .   (gloves unavailable)
Will    .....      Rage     3%  (boots unavailable)
Stlth   +.........              (no amulet)
HPRegen 1.03/turn               (no ring)
MPRegen 0.11/turn               (no ring)

@: about to teleport, fiery-armoured
A: large, unfitting armour, claws 3, regeneration 1, shaggy fur 1, tough skin 1,
iridescent scales 1, berserk 1, frail 1
a: Renounce Religion, Fiery Armour, Foxfire Swarm, Rising Flame


You were on level 8 of the Dungeon.
You worshipped Ignis.
Ignis was most pleased with you.
You visited 1 branch of the dungeon, and saw 8 of its levels.

You collected 426 gold pieces.


Innate Abilities, Weirdness & Mutations

You are too large for most types of armour.
You have claws for hands.
Your natural rate of healing is unusually fast.
You are covered in fur. (AC +1)
You have tough skin. (AC +1)
You are partially covered in iridescent scales. (AC +2)
You sometimes lose your temper in combat.
You are frail. (-10% HP)


   Skills:
 - Level 5.1 Fighting
 - Level 2.1 Throwing
 - Level 1.1 Dodging
 + Level 3.8 Shields
 - Level 12.3 Unarmed Combat
 - Level 1.0 Spellcasting
 - Level 2.1 Fire Magic


You had 10 spell levels left.
You didn't know any spells.
Your spell library contained the following spells:

 Spells                   Type           Power      Damage    Failure   Level
 Scorch                   Fire           8%         2d5       45%         2

Inventory:

Missiles
 e - 6 boomerangs (quivered)
Armour
 a - a +0 robe (worn)
 i - a +0 cloak (worn)
 j - a +0 kite shield (worn)
Jewellery
 g - a ring of ice
Scrolls
 d - 2 scrolls of teleportation
 h - 3 scrolls of identify
Potions
 b - a potion of curing
 c - 2 potions of heal wounds
 f - a potion of haste

Dungeon Overview and Level Annotations

Branches:
Dungeon (8/15)             Temple (0/1) D:6            Lair (0/5) D:8

Altars:
Cheibriados
Dithmenos
Elyvilon
Nemelex Xobeh
The Shining One

Shops:
D:4 *


Message History

The wolf bites you!
The wolf is burned by your cloak of flames.
The wolf is severely wounded.
You claw the hound!
You kill the hound!
The wolf bites you but does no damage.
The wolf is burned by your cloak of flames.
The wolf is almost dead.
You barely miss the wolf.
The wolf is almost dead.
The wolf bites you but does no damage.
The wolf is burned by your cloak of flames.
The wolf is almost dead.
You block the wolf's attack. The troll bites you!
The troll is burned by your cloak of flames.
The troll is lightly wounded.
You block the troll's attack. The troll claws you but does no damage.
The troll is burned by your cloak of flames.
The troll is moderately wounded.
You miss the wolf.
The wolf is almost dead.
You block the wolf's attack. The troll bites you.
The troll is burned by your cloak of flames.
The troll is heavily wounded.
The troll barely misses you. The troll claws you.
The troll is burned by your cloak of flames.
The troll is heavily wounded.
5908 ||| READING 3 scrolls of teleportation.
As you read the scroll of teleportation, it crumbles to dust.
You feel strangely unstable. The wolf barely misses you.
The wight hits you with a +1 flail of freezing!
The wight freezes you.
The wight is burned by your cloak of flames.
The wight is moderately damaged.
The wolf bites you but does no damage.
The wolf is burned by your cloak of flames.
You kill the wolf!
The troll bites you!
You die...

##.# .## . # #..#
#.# ..#
#.#.####.# ..#
#......)<#+#..#
####.........(.
#........####.
#.............
#.....%....~..
##....@%....~.~
......)Tz....~~.
.....>##..S~(~.~~
.......#...z~~~~~
...... ....~~~~~~
########.~~~~.~.~
#..~~~....
#..~~.~.>.
#~~~~.....


You could see a troll, an electric eel and 2 wights.

Vanquished Creatures
  A polar bear (D:8)
  Grinder (D:4)
  A steam dragon (D:6)
  A water moccasin (D:8)
  4 black bears
  An ice beast (D:6)
  An ogre (D:6)
  An orc warrior (D:7)
  A wolf (D:8)
  A sky beast (D:7)
  3 phantoms
  2 centaurs
  3 necrophages
  2 bullfrogs
  A gnoll sergeant (D:7)
  5 scorpions
  7 killer bees (D:7)
  A howler monkey (D:7)
  7 hounds
  A jelly (D:5)
  2 orc priests
  6 iguanas
  3 orc wizards
  A mummy (D:3)
  6 gnolls (D:5)
  13 adders
  6 river rats (D:4)
  A shadow imp (D:7)
  2 white imps
  An ufetubus (D:5)
  3 worms
  5 dart slugs
  33 orcs
  9 endoplasms
  2 giant cockroaches
  5 goblins
  12 hobgoblins
  6 jackals
  3 quokkas
  9 ball pythons
  12 bats
  3 frilled lizards
  8 kobolds
  18 rats
214 creatures vanquished.

Vanquished Creatures (others)
  8 plants (D:4)
8 creatures vanquished.

Grand Total: 222 creatures vanquished

Notes
Turn   | Place    | Note
-------+----------+-------------------------------------------
     0 | D:1      | qw the Troll Cinder Acolyte began the quest for the Orb.
     0 | D:1      | Reached XP level 1. HP: 22/22 MP: 1/1
     0 | D:1      | 0 ||| qw: Version: 0.1-a-97-g2dd2ca4
     0 | D:1      | 0 ||| qw: Game counter: 4670
     0 | D:1      | 0 ||| qw: Always use a shield: true
     0 | D:1      | 0 ||| qw: God list: Okawaru
     0 | D:1      | 0 ||| qw: Allow faded altars: false
     0 | D:1      | 0 ||| qw: Do Orc after D:15 true
     0 | D:1      | 0 ||| qw: Do second Lair branch before Depths: true
     0 | D:1      | 0 ||| qw: Lair rune preference: random
     0 | D:1      | 0 ||| qw: Plans: Normal
     0 | D:1      | 0 ||| PLANNING D:1-11
    17 | D:1      | 17 ||| Stepping ~*~*~tactically~*~*~ (hiding).
   169 | D:1      | Found a faded altar of an unknown god.
   317 | D:1      | Reached XP level 2. HP: 29/29 MP: 2/2
   429 | D:1      | 429 ||| Stepping ~*~*~tactically~*~*~ (hiding).
   430 | D:1      | 430 ||| Stepping ~*~*~tactically~*~*~ (hiding).
   574 | D:1      | Reached skill level 4 in Unarmed Combat
   980 | D:1      | 980 ||| READING 2 scrolls labelled YPAOCO ACSA.
   984 | D:1      | 984 ||| READING scroll labelled JYW ONOL VABAOCZO.
   990 | D:2      | 990 ||| Stepping ~*~*~tactically~*~*~ (stealth).
  1000 | D:2      | 1000 ||| INVOKING Fiery Armour.
  1003 | D:2      | 1003 ||| Stepping ~*~*~tactically~*~*~ (outnumbered).
  1006 | D:2      | Reached XP level 3. HP: 36/36 MP: 3/3
  1008 | D:2      | 1008 ||| Stepping ~*~*~tactically~*~*~ (outnumbered).
  1024 | D:2      | 1024 ||| Stepping ~*~*~tactically~*~*~ (hiding).
  1082 | D:2      | 1082 ||| Stepping ~*~*~tactically~*~*~ (stealth).
  1221 | D:2      | 1221 ||| Stepping ~*~*~tactically~*~*~ (stealth).
  1268 | D:2      | 1268 ||| Stepping ~*~*~tactically~*~*~ (stealth).
  1269 | D:2      | 1269 ||| Stepping ~*~*~tactically~*~*~ (stealth).
  1370 | D:2      | Reached XP level 4. HP: 44/44 MP: 4/4
  1400 | D:2      | Reached skill level 5 in Unarmed Combat
  1539 | D:2      | 1539 ||| READING scroll labelled REGYNK CAJAN.
  1540 | D:2      | 1540 ||| READING scroll labelled GACHOAWIROI.
  1541 | D:2      | 1541 ||| READING scroll labelled ZOYCUNG NOSYP.
  1542 | D:2      | 1542 ||| DRINKING 2 white potions.
  1762 | D:3      | Found a shadowy altar of Dithmenos.
  1769 | D:3      | 1769 ||| INVOKING Fiery Armour.
  1772 | D:3      | 1772 ||| Stepping ~*~*~tactically~*~*~ (outnumbered).
  1773 | D:3      | 1773 ||| Stepping ~*~*~tactically~*~*~ (outnumbered).
  1774 | D:3      | 1774 ||| Stepping ~*~*~tactically~*~*~ (outnumbered).
  1779 | D:3      | Reached XP level 5. HP: 50/50 MP: 5/5
  1779 | D:3      | 1779 ||| Stepping ~*~*~tactically~*~*~ (outnumbered).
  1816 | D:3      | Reached skill level 6 in Unarmed Combat
  1819 | D:3      | Found a snail-covered altar of Cheibriados.
  1836 | D:3      | 1836 ||| Stepping ~*~*~tactically~*~*~ (stealth).
  1838 | D:3      | 1838 ||| Stepping ~*~*~tactically~*~*~ (stealth).
  1853 | D:3      | 1853 ||| Stepping ~*~*~tactically~*~*~ (stealth).
  1972 | D:3      | 1972 ||| Stepping ~*~*~tactically~*~*~ (stealth).
  2219 | D:3      | 2219 ||| Stepping ~*~*~tactically~*~*~ (stealth).
  2357 | D:3      | 2357 ||| UPGRADING to +0 cloak.
  2362 | D:3      | 2362 ||| READING scroll labelled NIOSEC GEMEIS.
  2363 | D:3      | 2363 ||| DRINKING 2 metallic puce potions.
  2364 | D:3      | 2364 ||| DROPPING potion of flight.
  2390 | D:4      | 2390 ||| STAIRDANCE
  2447 | D:4      | Reached XP level 6. HP: 42/59 MP: 6/6
  2447 | D:4      | 2447 ||| STAIRDANCE
  2483 | D:4      | 2483 ||| Stepping ~*~*~tactically~*~*~ (stealth).
  2495 | D:4      | 2495 ||| Stepping ~*~*~tactically~*~*~ (stealth).
  2499 | D:4      | Reached skill level 7 in Unarmed Combat
  2506 | D:4      | 2506 ||| Stepping ~*~*~tactically~*~*~ (outnumbered).
  2507 | D:4      | 2507 ||| INVOKING Fiery Armour.
  2512 | D:4      | 2512 ||| Stepping ~*~*~tactically~*~*~ (outnumbered).
  2513 | D:4      | 2513 ||| Stepping ~*~*~tactically~*~*~ (outnumbered).
  2526 | D:4      | 2526 ||| FLEEEEING.
  2527 | D:4      | 2527 ||| FLEEEEING.
  2528 | D:4      | 2528 ||| FLEEEEING.
  2529 | D:4      | 2529 ||| FLEEEEING.
  2530 | D:4      | 2530 ||| FLEEEEING.
  2531 | D:4      | 2531 ||| FLEEEEING.
  2532 | D:4      | 2532 ||| FLEEEEING.
  2533 | D:4      | 2533 ||| FLEEEEING.
  2534 | D:4      | 2534 ||| FLEEEEING.
  2535 | D:4      | 2535 ||| FLEEEEING.
  2536 | D:4      | 2536 ||| FLEEEEING.
  2537 | D:4      | 2537 ||| STAIRDANCE
  2545 | D:4      | 2545 ||| Stepping ~*~*~tactically~*~*~ (outnumbered).
  2546 | D:4      | 2546 ||| Stepping ~*~*~tactically~*~*~ (outnumbered).
  2547 | D:4      | 2547 ||| Stepping ~*~*~tactically~*~*~ (outnumbered).
  2548 | D:4      | 2548 ||| Stepping ~*~*~tactically~*~*~ (outnumbered).
  2549 | D:4      | 2549 ||| Stepping ~*~*~tactically~*~*~ (outnumbered).
  2593 | D:4      | Noticed Grinder
  2601 | D:4      | 2601 ||| Stepping ~*~*~tactically~*~*~ (outnumbered).
  2602 | D:4      | 2602 ||| Stepping ~*~*~tactically~*~*~ (outnumbered).
  2605 | D:4      | Reached skill level 8 in Unarmed Combat
  2606 | D:4      | Reached XP level 7. HP: 57/66 MP: 7/7
  2610 | D:4      | Killed Grinder
  2611 | D:4      | Reached skill level 3 in Fighting
  2626 | D:4      | 2626 ||| Stepping ~*~*~tactically~*~*~ (stealth).
  2631 | D:4      | Found Mozad's Fire Supplies.
  2651 | D:4      | 2651 ||| SHOPLISTING ring of fire (350 gold, have 169).
  2651 | D:4      | 2651 ||| SHOPLISTING ring of protection from fire (350
                  | gold, have 169).
  2844 | D:4      | 2844 ||| INVOKING Fiery Armour.
  2859 | D:4      | 2859 ||| FLEEEEING.
  2862 | D:4      | 2862 ||| Stepping ~*~*~tactically~*~*~ (outnumbered).
  3071 | D:4      | Found a white marble altar of Elyvilon.
  3152 | D:4      | 3152 ||| READING 6 scrolls of identify.
  3152 | D:4      | 3152 ||| IDENTIFYING brown potion
  3153 | D:4      | 3153 ||| READING 5 scrolls of identify.
  3153 | D:4      | 3153 ||| IDENTIFYING purple potion
  3154 | D:4      | 3154 ||| READING 4 scrolls of identify.
  3154 | D:4      | 3154 ||| IDENTIFYING smoky golden potion
  3155 | D:4      | 3155 ||| DROPPING potion of berserk rage.
  3156 | D:4      | 3156 ||| DROPPING potion of lignification.
  3185 | D:5      | Entered Level 5 of the Dungeon
  3187 | D:5      | 3187 ||| STAIRDANCE
  3194 | D:4      | Reached skill level 9 in Unarmed Combat
  3194 | D:4      | Reached XP level 8. HP: 76/78 MP: 8/8
  3200 | D:5      | 3200 ||| STAIRDANCE
  3205 | D:4      | Reached skill level 1 in Dodging
  3230 | D:5      | 3230 ||| STAIRDANCE
  3275 | D:5      | 3275 ||| Stepping ~*~*~tactically~*~*~ (outnumbered).
  3276 | D:5      | 3276 ||| Stepping ~*~*~tactically~*~*~ (outnumbered).
  3277 | D:5      | 3277 ||| Stepping ~*~*~tactically~*~*~ (outnumbered).
  3278 | D:5      | 3278 ||| Stepping ~*~*~tactically~*~*~ (outnumbered).
  3327 | D:5      | Found a glowing golden altar of the Shining One.
  3394 | D:5      | Reached skill level 10 in Unarmed Combat
  3626 | D:5      | 3626 ||| Stepping ~*~*~tactically~*~*~ (stealth).
  3629 | D:5      | 3629 ||| Stepping ~*~*~tactically~*~*~ (stealth).
  3720 | D:5      | 3720 ||| READING scroll labelled DIAZOE DIORPHUE.
  3748 | D:6      | 3748 ||| Stepping ~*~*~tactically~*~*~ (hiding).
  3898 | D:6      | 3898 ||| Stepping ~*~*~tactically~*~*~ (stealth).
  3900 | D:6      | 3900 ||| Stepping ~*~*~tactically~*~*~ (stealth).
  3903 | D:6      | Reached skill level 11 in Unarmed Combat
  3931 | D:6      | Found a staircase to the Ecumenical Temple.
  3950 | D:6      | 3950 ||| Stepping ~*~*~tactically~*~*~ (hiding).
  3972 | D:6      | Reached XP level 9. HP: 84/84 MP: 9/9
  4104 | D:6      | Reached skill level 1 in Throwing
  4183 | D:6      | Found a sparkling altar of Nemelex Xobeh.
  4410 | D:6      | 4410 ||| READING scroll labelled VACYMM JAMITS.
  4411 | D:6      | 4411 ||| DRINKING 2 red potions.
  4411 | D:6      | Gained mutation: You are clumsy. (Dex -2) [potion of
                  | mutation]
  4411 | D:6      | Gained mutation: Armour fits poorly on your strangely
                  | shaped body. [potion of mutation]
  4411 | D:6      | Gained mutation: You have hidden genetic defects. [potion
                  | of mutation]
  4411 | D:6      | Lost mutation: You have hidden genetic defects. [potion of
                  | mutation]
  4412 | D:6      | 4412 ||| DRINKING potion of mutation.
  4412 | D:6      | Lost mutation: You are clumsy. (Dex -2) [potion of
                  | mutation]
  4412 | D:6      | Lost mutation: Armour fits poorly on your strangely shaped
                  | body. [potion of mutation]
  4412 | D:6      | Gained mutation: You are partially covered in iridescent
                  | scales. (AC +2) [potion of mutation]
  4412 | D:6      | Gained mutation: You sometimes lose your temper in combat.
                  | [potion of mutation]
  4412 | D:6      | Gained mutation: You are frail. (-10% HP) [potion of
                  | mutation]
  4413 | D:6      | 4413 ||| READING 4 scrolls of identify.
  4413 | D:6      | 4413 ||| IDENTIFYING smoky red potion
  4452 | D:7      | 4452 ||| INVOKING Fiery Armour.
  4456 | D:7      | HP: 18/75 [killer bee (4)]
  4457 | D:7      | 4457 ||| READING 2 scrolls of teleportation.
  4458 | D:7      | 4458 ||| DRINKING 3 potions of heal wounds.
  4459 | D:7      | Reached skill level 12 in Unarmed Combat
  4505 | D:7      | 4505 ||| Stepping ~*~*~tactically~*~*~ (hiding).
  4510 | D:7      | 4510 ||| Stepping ~*~*~tactically~*~*~ (outnumbered).
  4513 | D:7      | 4513 ||| Stepping ~*~*~tactically~*~*~ (outnumbered).
  4514 | D:7      | 4514 ||| Stepping ~*~*~tactically~*~*~ (outnumbered).
  4795 | D:7      | 4795 ||| Stepping ~*~*~tactically~*~*~ (hiding).
  4935 | D:7      | 4935 ||| Stepping ~*~*~tactically~*~*~ (stealth).
  4937 | D:7      | 4937 ||| Stepping ~*~*~tactically~*~*~ (hiding).
  5070 | D:7      | 5070 ||| Stepping ~*~*~tactically~*~*~ (stealth).
  5092 | D:7      | HP: 29/118 [poisoned by a killer bee]
  5097 | D:7      | HP: 22/118 [poisoned by a killer bee]
  5101 | D:7      | HP: 7/118 [killer bee (7)]
  5104 | D:7      | HP: 3/79 [poisoned by a killer bee]
  5613 | D:7      | 5613 ||| UPGRADING to +0 kite shield.
  5618 | D:7      | 5618 ||| READING 4 scrolls of identify.
  5618 | D:7      | 5618 ||| IDENTIFYING murky emerald potion
  5619 | D:7      | 5619 ||| DROPPING potion of degeneration.
  5624 | D:8      | Noticed a polar bear
  5637 | D:8      | 5637 ||| INVOKING Fiery Armour.
  5637 | D:8      | HP: 18/79 [polar bear (16)]
  5637 | D:8      | Killed a polar bear
  5746 | D:8      | 5746 ||| Stepping ~*~*~tactically~*~*~ (hiding).
  5754 | D:8      | 5754 ||| DRINKING 2 potions of curing.
  5754 | D:8      | 5754 ||| (to cure confusion)
  5781 | D:8      | Reached skill level 3 in Shields
  5874 | D:8      | 5874 ||| Stepping ~*~*~tactically~*~*~ (stealth).
  5875 | D:8      | 5875 ||| Stepping ~*~*~tactically~*~*~ (stealth).
  5876 | D:8      | 5876 ||| Stepping ~*~*~tactically~*~*~ (stealth).
  5890 | D:8      | Found a staircase to the Lair.
  5891 | D:8      | 5891 ||| INVOKING Fiery Armour.
  5895 | D:8      | 5895 ||| Stepping ~*~*~tactically~*~*~ (outnumbered).
  5897 | D:8      | Noticed a troll
  5907 | D:8      | HP: 18/79 [troll (3)]
  5908 | D:8      | 5908 ||| READING 3 scrolls of teleportation.
  5908 | D:8      | HP: 5/79 [wight/+1 flail of freezing (8)]
  5908 | D:8      | HP: 2/79 [wight/+1 flail of freezing (3)]
  5908 | D:8      | Mangled by a troll

Levels and vault maps discovered:
D:1:      lightli_arrival_chessboard, layout_basic,
          chequers_ecumenical_altar_simple
D:2:      layout_basic
D:3:      layout_basic, grunt_dithmenos_smoke, slow_altar_1
D:4:      layout_rooms, nicolae_elyvilon_temple_path, nicolae_shop_fire_sale
          [nicolae_sub_dead_trees], dk_rats_in_the_wall, uniq_grinder
D:5:      layout_cave_pools, tso_altar
D:6:      layout_loops_cross, nemelex_diamond_rough_becter,
          minmay_temple_entry_butterflies
D:7:      minmay_recursive_quarters, layout_basic, st_stairs_12
D:8:      layout_basic, erik_lair_island, serial_ice, serial_ice_k,
          serial_ice_a, serial_ice_b, serial_ice_o, serial_ice_m, st_stairs_7,
          uniq_psyche

Skill      XL: |  1  2  3  4  5  6  7  8  9 |
---------------+----------------------------+-----
Unarmed Combat | 4 5 6 8 9 11 12 | 12.3
Fighting       | 3 4 5 |  5.1
Dodging        | 1 |  1.1
Throwing       | 2 |  2.1
Shields        | 3 |  3.8
Spellcasting   | |  1.0
Fire Magic     | |  2.1

Action                   |  1- 3 |  4- 6 |  7- 9 || total
-------------------------+-------+-------+-------++-------
Melee: Unarmed           |    73 |   129 |   314 ||   516
       Punch             |       |     4 |     8 ||    12
Throw: Boomerang         |    37 |     4 |    30 ||    71
Invok: Fiery Armour      |     1 |     2 |     4 ||     7
  Use: Scroll            |     2 |     4 |     9 ||    15
       Potion            |       |     2 |     4 ||     6
Armor: Robe              |    32 |    48 |   109 ||   189
Dodge: Dodged            |    28 |    60 |   123 ||   211
Block: Kite shield       |       |       |    16 ||    16

Table legend:
 A = Non-vault XP
 B = Vault XP
 C = Vault XP percentage of total XP
 D = Non-vault monster count
 E = Vault monster count
 F = Vault count percentage of total count
                 A         B        C        D         E       F
            +---------+---------+-------+---------+---------+-------
      Total |    3881 |    1555 |  28.6 |     178 |      36 |  16.8
            +---------+---------+-------+---------+---------+-------
        D:1 |      35 |       0 |   0.0 |      19 |       0 |   0.0
        D:2 |      88 |       0 |   0.0 |      32 |       0 |   0.0
        D:3 |     206 |      18 |   8.0 |      33 |       1 |   2.9
        D:4 |     816 |     360 |  30.6 |      34 |      22 |  39.3
        D:5 |     692 |       0 |   0.0 |      24 |       0 |   0.0
        D:6 |     999 |       0 |   0.0 |      14 |       0 |   0.0
        D:7 |     888 |     384 |  30.2 |      18 |       5 |  21.7
        D:8 |     157 |     793 |  83.5 |       4 |       8 |  66.7
            +---------+---------+-------+---------+---------+-------
